 Dungeon Crawl Stone Soup version 0.29.1-15-g9cfb28693d (webtiles) character file.

Game seed: 16665796594313690072

77846 LustLizard the Brawler (level 15, -30/155 HPs)
             Began as a Troll Fighter on Mar 31, 2023.
             Was the Champion of Wu Jian.
             Annihilated by Agnes
             ... wielding a +4 lajatang of speed
              (34 damage)
             ... on level 14 of the Dungeon.
             The game lasted 00:45:57 (19280 turns).

LustLizard the Brawler (Troll Fighter)             Turns: 19280, Time: 00:45:58

Health: -30/155    AC: 15    Str: 28    XL:     15   Next: 16%
Magic:  14/14      EV: 13    Int: 10    God:    Wu Jian [******]
Gold:   1286       SH: 17    Dex:  9    Spells: 14/14 levels left

rFire   + + .      SeeInvis .     - Unarmed
rCold   . . .      Faith    .   K - +5 kite shield {AC+3}
rNeg    . . .      Spirit   .   A - +3 troll leather armour {Snorg}
rPois   .          Reflect  .   (helmet restricted)
rElec   .          Harm     .   q - +0 cloak
rCorr   .          Rampage  .   (gloves unavailable)
Will    +....                   (boots unavailable)
Stlth   +.........              O - amulet of regeneration
HPRegen 2.75/turn               X - ring of the Octopus King {rF+ HP+2 AC+2 EV+2 SH+2}
MPRegen 0.14/turn               z - ring of protection from fire

@: no status effects
A: large, unfitting armour, claws 3, regeneration 1, shaggy fur 1, tough skin 1
a: Renounce Religion, Wall Jump, Serpent's Lash, Heavenly Storm


You were on level 14 of the Dungeon.
You worshipped Wu Jian.
Wu Jian was exalted by your worship.
You visited 4 branches of the dungeon, and saw 23 of its levels.
You also visited: Volcano.

You collected 2284 gold pieces.
You spent 998 gold pieces at shops.

Inventory:

Hand Weapons
 Y - a +4 great sword of flaming
Missiles
 e - 5 curare-tipped darts
 r - 46 poisoned darts (quivered)
 w - 19 boomerangs
 y - a throwing net
 B - 4 datura-tipped darts
Armour
 q - a +0 cloak (worn)
 A - a +3 troll leather armour (worn) {Snorg}
 F - a +2 robe of willpower
 K - a +5 kite shield of protection (worn)
Jewellery
 h - a ring of resist corrosion
 l - a +4 ring of slaying
 z - a ring of protection from fire (right claw)
 E - an amulet of faith
 O - an amulet of regeneration (around neck)
 P - an amulet of guardian spirit
 R - a +6 ring of dexterity
 U - the ring of Fotreimo {Contam rC+ MP-9 Int+5 Dex+2}
   (You acquired it on level 5 of the Lair of Beasts)

   [ring of protection from cold]

   Int:       It affects your intelligence (+5).
   Dex:       It affects your dexterity (+2).
   rC:        It protects you from cold.
   MP:        It affects your magic capacity (-9).
   Contam:    It causes magical contamination when unequipped.
 X - a ring of the Octopus King (left claw) {rF+ HP+2 AC+2 EV+2 SH+2}
   (You found it on level 5 of the Lair of Beasts)

   [ring of protection from fire]

   AC:        It affects your AC (+2).
   EV:        It affects your evasion (+2).
   rF:        It protects you from fire.
   HP:        It affects your health (+2).
   SH:        It affects your SH (+2).
Wands
 b - a wand of quicksilver (14)
 s - a wand of flame (84)
 u - a wand of iceblast (17)
 T - a wand of charming (6)
Scrolls
 a - 3 scrolls of immolation
 d - 6 scrolls of amnesia
 g - 10 scrolls of teleportation
 i - 3 scrolls of magic mapping
 j - 5 scrolls of vulnerability
 t - 5 scrolls of blinking
 x - 8 scrolls of fog
 D - 3 scrolls of torment
 G - 3 scrolls of poison
 I - 2 scrolls of summoning
 J - a scroll of silence
 N - 4 scrolls of identify
Potions
 c - 5 potions of might
 f - a potion of lignification
 k - 4 potions of curing
 m - 2 potions of heal wounds
 n - 5 potions of brilliance
 o - 6 potions of mutation
 p - a potion of magic
 v - 4 potions of invisibility
 C - 3 potions of ambrosia
 H - 5 potions of flight
 L - 2 potions of attraction
 M - a potion of berserk rage
 S - 3 potions of cancellation
 V - 3 potions of haste
Miscellaneous
 Q - a phial of floods
 W - a lightning rod (4/4)
 Z - a phantom mirror


   Skills:
 + Level 11.1 Fighting
 + Level 9.5 Dodging
 + Level 12.1 Shields
 * Level 17.8 Unarmed Combat


You had 14 spell levels left.
You didn't know any spells.
Your spell library contained the following spells:

 Spells                   Type           Power      Damage    Failure   Level
 Apportation              Tloc           0%         N/A       58%         1
 Necrotise                Necr           0%         1d4       58%         1
 Summon Small Mammal      Summ           0%         N/A       58%         1
 Ignite Poison            Fire/Tmut/Pois 0%         N/A       91%         3
 Mephitic Cloud           Conj/Pois/Air  0%         N/A       91%         3
 Animate Dead             Necr           0%         N/A       100%        4
 Borgnjor's Vile Clutch   Necr/Erth      0%         N/A       100%        5
 Freezing Cloud           Conj/Ice/Air   0%         6-21      100%        5
 Death Channel            Necr           0%         N/A       100%        6
 Simulacrum               Ice/Necr       0%         N/A       100%        6
 Polar Vortex             Ice            0%         N/A       100%        9


Dungeon Overview and Level Annotations

Branches:
Dungeon (15/15)            Temple (1/1) D:6            Lair (5/5) D:11
  Swamp (0/4) Lair:3       Spider (0/4) Lair:2        Slime (0/5) Lair:5
    Orc (2/2) D:11            Elf (0/3) Orc:2        Vaults (0/5) D:14
 Depths (0/4) D:15        Volcano (visited)

Altars:
Dithmenos
Elyvilon
Gozag
Hepliaklqana
Kikubaaqudgha
Nemelex Xobeh
Okawaru
Ru
Sif Muna
Trog
Uskayaw
Wu Jian
Xom
Yredelemnul
Zin
Jiyva

Shops:
D:6 ***[   D:9 *(?   Orc:2 *[:(

Annotations:
D:14 Agnes


Innate Abilities, Weirdness & Mutations

You are too large for most types of armour.
You have claws for hands.
Your natural rate of healing is unusually fast.
You are covered in fur. (AC +1)
You have tough skin. (AC +1)


Message History

Agnes hits you with a +4 lajatang of speed!!
You claw Agnes!
Agnes is moderately wounded.
Agnes barely misses you.
Agnes says, "I despise a dishonourable opponent."
You block Agnes's attack. x2
You barely miss Agnes.
Agnes is moderately wounded.
You block Agnes's attack. x2
Agnes hits you with a +4 lajatang of speed!!
* * * LOW HITPOINT WARNING * * *
You scratch Agnes.
Agnes is moderately wounded.
Agnes barely misses you.
Agnes bows.
Agnes barely misses you.
Agnes hits you with a +4 lajatang of speed!!
* * * LOW HITPOINT WARNING * * *
You feel much better.
Agnes hits you with a +4 lajatang of speed!
* * * LOW HITPOINT WARNING * * *
Agnes hits you with a +4 lajatang of speed!!
* * * LOW HITPOINT WARNING * * *
You block Agnes's attack. x2
You feel much better.
Agnes bows.
Agnes hits you with a +4 lajatang of speed!
* * * LOW HITPOINT WARNING * * *
You block Agnes's attack. x3
You completely miss Agnes.
Agnes is moderately wounded.
You block Agnes's attack. x2
Agnes hits you with a +4 lajatang of speed!!
* * * LOW HITPOINT WARNING * * *
Unknown command.
You miss Agnes.
Agnes is moderately wounded.
Agnes barely misses you. You block Agnes's attack.
Agnes hits you with a +4 lajatang of speed!!
You die...

......#.# .######.# ....# #.# ###
..#.# #.# ##.## ..#.###.# ##.#.##
........# ##### ##.###.##
###.##### #...#####.## ##.##
.##.# ####....i##.## ##.# ....#
#.......@###.## ##..# .#.##
#.###.#..# ##.###.#.# ..##
#.###.#..#####.#.##.#### ..#
#...............#......# ..#
#..#.#...########.#.##.## ..#
###..#.#..#########.#.##..# ..#
#.........#.......#.#......
..#####.##.#............#.####..#
........##.#...##.......#.......#


You could see Agnes (fast).

Vanquished Creatures
  Gastronok (Lair:1)
  2 orc warlords (Orc:1)
  Azrael (D:13)
  Snorg (Orc:1)
  A fire dragon (D:13)
  5 hydras
  A boulder beetle (Lair:5)
  4 vault guards (D:14)
  An ogre mage (D:14)
  A centaur warrior (D:13)
  A merfolk avatar (Lair:5)
  2 two-headed ogres (D:11)
  2 catoblepae
  An orc high priest (Orc:2)
  6 death yaks
  Urug (Orc:2)
  Sonja (Orc:1)
  A sea snake (Lair:5)
  A wizard (D:14)
  A deep elf archer (Volcano)
  Pikel (D:6)
  8 orc knights
  5 deep elf pyromancers
  An oklob plant (Lair:3)
  3 orc sorcerers
  A cyclops (D:13)
  7 manticores
  3 black mambas
  12 elephants
  A torpor snail (Lair:4)
  2 gargoyles
  12 cane toads
  2 unseen horrors
  Psyche (D:12)
  4 rime drakes
  An efreet (D:14)
  12 komodo dragons
  8 trolls
  5 polar bears
  24 blink frogs
  A wind drake (Lair:5)
  13 dream sheep
  Sigmund (D:3)
  A shadow (D:8)
  A water elemental (D:14)
  8 wyverns
  A vampire (D:9)
  36 yaks
  5 fire elementals
  A wraith (D:10)
  A human (D:14)
  3 basilisks
  3 redbacks (Lair:2)
  A steam dragon (D:8)
  6 wargs
  3 swamp worms (Lair:2)
  20 water moccasins
  10 hell hounds
  A black bear (D:8)
  2 ice beasts
  33 orc warriors
  3 sky beasts
  3 wolves (Lair:1)
  3 centaurs
  5 boggarts (D:14)
  7 ogres
  4 kobold brigands
  8 bullfrogs
  3 gnoll sergeants
  2 necrophages (D:5)
  5 scorpions
  A wight (D:10)
  2 vampire bats (D:9)
  2 jellies
  4 howler monkeys
  2 electric eels
  6 hounds
  19 orc priests
  3 iguanas
  22 orc wizards
  9 gnolls
  5 adders
  2 shadow imps
  A white imp (D:5)
  2 worms
  2 dart slugs
  59 orcs
  4 ball pythons
  3 bats
  A bat skeleton (D:9)
  5 bat zombies (D:9)
  6 endoplasms
  A giant cockroach (D:4)
  5 goblins
  7 hobgoblins
  6 jackals
  5 quokkas
  3 frilled lizards (D:1)
  23 kobolds
  6 rats
  A butterfly (Lair:1)
559 creatures vanquished.

Vanquished Creatures (others)
  16 fungi
  35 plants
51 creatures vanquished.

Grand Total: 610 creatures vanquished

Notes
Turn   | Place    | Note
-------+----------+-------------------------------------------
     0 | D:1      | LustLizard the Troll Fighter began the quest for the Orb.
     0 | D:1      | Reached XP level 1. HP: 22/22 MP: 0/0
   141 | D:1      | Reached XP level 2. HP: 27/29 MP: 1/1
   425 | D:1      | Reached XP level 3. HP: 34/36 MP: 2/2
   708 | D:2      | Reached skill level 3 in Unarmed Combat
   865 | D:2      | Found a faded altar of an unknown god.
   916 | D:2      | Found a hazy altar of Hepliaklqana.
  1113 | D:3      | Noticed Sigmund
  1125 | D:3      | Killed Sigmund
  1126 | D:3      | Reached skill level 4 in Unarmed Combat
  1126 | D:3      | Reached XP level 4. HP: 19/45 MP: 3/3
  1126 | D:3      | Reached XP level 5. HP: 22/53 MP: 4/4
  1238 | D:3      | Found an opulent altar of Gozag.
  1334 | D:3      | Found a shimmering altar of Xom.
  1831 | D:3      | Reached XP level 6. HP: 61/61 MP: 5/5
  2111 | D:4      | Identified the +0 helmet of the True Pharaoh {Rampage Drain
                  | rF+++ rC-}
  2171 | D:4      | Noticed a sky beast
  2177 | D:4      | Killed a sky beast
  2178 | D:4      | Reached skill level 5 in Unarmed Combat
  2231 | D:4      | Identified the +3 leather armour "Sipposad" {rElec rF+}
  2235 | D:4      | Found a shadowy altar of Dithmenos.
  2582 | D:5      | Entered Level 5 of the Dungeon
  2595 | D:5      | Reached XP level 7. HP: 57/70 MP: 6/6
  2659 | D:5      | Reached skill level 6 in Unarmed Combat
  2964 | D:5      | Reached skill level 5 in Shields
  2964 | D:5      | Reached XP level 8. HP: 76/79 MP: 7/7
  3052 | D:5      | Reached skill level 7 in Unarmed Combat
  3509 | D:6      | Noticed a +0 spear
  3509 | D:6      | Noticed a +0 falchion
  3511 | D:6      | Noticed a +0 spear
  3511 | D:6      | Noticed a +0 short sword
  3511 | D:6      | Noticed a +0 short sword
  3527 | D:6      | Noticed a +0 dagger
  3527 | D:6      | Noticed a +0 dagger
  3527 | D:6      | Noticed a +0 falchion
  3583 | D:6      | Found Quqant's Assorted Antiques.
  3594 | D:6      | Bought a scroll labelled NIX ISMEYFOOS for 27 gold pieces
  3594 | D:6      | Bought a scroll labelled BIMOCUDEMN for 27 gold pieces
  3601 | D:6      | Noticed Pikel
  3627 | D:6      | Killed Pikel
  3628 | D:6      | Reached skill level 5 in Fighting
  3628 | D:6      | Reached skill level 8 in Unarmed Combat
  3698 | D:6      | Found Goech's Armour Emporium.
  3752 | D:6      | Found a hide-covered altar of Uskayaw.
  3835 | D:6      | Found Fowyrgh's Assorted Antiques.
  3844 | D:6      | Bought a scroll labelled HIXTIK MAEHIPT for 22 gold pieces
  3844 | D:6      | Bought a scroll labelled VUITUA CYUB for 22 gold pieces
  3844 | D:6      | Bought a scroll labelled VEXTUI ENTA for 22 gold pieces
  3930 | D:6      | Reached XP level 9. HP: 42/88 MP: 8/8
  4329 | D:6      | Found a staircase to the Ecumenical Temple.
  4338 | Temple   | Entered the Ecumenical Temple
  4386 | Temple   | Became a worshipper of the Wu Jian Council
  4545 | D:6      | Found Aneytal's Assorted Antiques.
  4550 | D:6      | Bought a dark potion for 31 gold pieces
  4550 | D:6      | Bought a scroll labelled KUS UTIBLEAWE ACS for 35 gold
                  | pieces
  4550 | D:6      | Bought a scroll labelled KUS UTIBLEAWE ACS for 35 gold
                  | pieces
  4566 | D:6      | Reached skill level 9 in Unarmed Combat
  5299 | D:7      | Found a sparkling altar of Nemelex Xobeh.
  5613 | D:7      | Reached * piety under Wu Jian
  5858 | D:8      | Found a white marble altar of Elyvilon.
  6024 | D:8      | Reached skill level 10 in Unarmed Combat
  6067 | D:8      | Found a shimmering blue altar of Sif Muna.
  6412 | D:9      | Found Sucoisih's Magic Scroll Boutique.
  6482 | D:9      | Reached XP level 10. HP: 100/100 MP: 9/9
  6784 | D:6      | Bought a +2 kite shield of protection for 258 gold pieces
  6889 | D:9      | Found a bloodstained altar of Trog.
  7108 | D:9      | Found Naplaw's General Store.
  7149 | D:9      | Found Okengu Xepu's Antique Weapon Emporium.
  7354 | D:9      | Identified the +5 ring mail of Ignis's Supremacy {Rampage
                  | rN+++ Str-2 Slay-2}
  7370 | D:9      | Found an ancient bone altar of Kikubaaqudgha.
  7372 | D:9      | Reached ** piety under Wu Jian
  7568 | D:10     | Entered Level 10 of the Dungeon
  7687 | D:10     | Reached skill level 11 in Unarmed Combat
  8446 | D:11     | Noticed a deep elf pyromancer
  8460 | D:11     | Killed a deep elf pyromancer
  8589 | D:11     | Noticed a two-headed ogre
  8604 | D:11     | Killed a two-headed ogre
  8605 | D:11     | Reached XP level 11. HP: 30/109 MP: 10/10
  8736 | D:11     | Found a staircase to the Orcish Mines.
  8777 | D:11     | Found a staircase to the Lair.
  8808 | D:11     | Reached skill level 12 in Unarmed Combat
  8879 | D:11     | Noticed a two-headed ogre
  9514 | D:11     | Killed a two-headed ogre
  9515 | D:11     | Reached skill level 5 in Dodging
  9657 | D:6      | Bought a dented lapis lazuli amulet for 175 gold pieces
  9797 | Lair:1   | Entered Level 1 of the Lair of Beasts
  9908 | Lair:1   | Noticed a catoblepas
  9933 | Lair:1   | Killed a catoblepas
  9951 | Lair:1   | You fall into a shaft and drop 1 floor!
 10053 | Lair:2   | Found a hole to the Spider Nest.
 10294 | Lair:2   | Reached *** piety under Wu Jian
 10365 | Lair:2   | Reached skill level 13 in Unarmed Combat
 10675 | Lair:1   | Reached XP level 12. HP: 122/122 MP: 11/11
 10824 | Lair:1   | Noticed Gastronok
 10866 | Lair:1   | Killed Gastronok
 11523 | Lair:2   | Noticed a six-headed hydra
 11530 | Lair:2   | Killed a six-headed hydra
 11656 | Lair:3   | Reached skill level 14 in Unarmed Combat
 11754 | Lair:3   | Reached **** piety under Wu Jian
 11783 | Lair:3   | Noticed an eight-headed hydra
 11844 | Lair:3   | Reached skill level 10 in Shields
 11924 | Lair:3   | Noticed a six-headed hydra
 11977 | Lair:3   | Noticed a death yak
 11981 | Lair:3   | Noticed a death yak
 11982 | Lair:3   | Noticed a death yak
 11983 | Lair:3   | Noticed a death yak
 11984 | Lair:3   | Noticed a death yak
 11987 | Lair:3   | Killed a death yak
 12004 | Lair:3   | Killed a death yak
 12010 | Lair:3   | Killed a death yak
 12011 | Lair:3   | Reached XP level 13. HP: 102/131 MP: 12/12
 12133 | Lair:3   | Reached skill level 15 in Unarmed Combat
 12306 | Lair:3   | Found a staircase to the Swamp.
 13505 | Lair:4   | Reached ***** piety under Wu Jian
 13613 | Lair:5   | Entered Level 5 of the Lair of Beasts
 13654 | Lair:5   | Found a viscous altar of Jiyva.
 13654 | Lair:5   | Found a staircase to the Slime Pits.
 13705 | Lair:5   | Identified a scroll of acquirement
 13794 | Lair:5   | Reached skill level 10 in Fighting
 13857 | Lair:5   | Reached skill level 16 in Unarmed Combat
 13950 | Lair:5   | Reached XP level 14. HP: 142/143 MP: 13/13
 14377 | Lair:5   | Found the ring of the Octopus King
 14384 | Lair:5   | Identified a ring of the Octopus King {rF+ HP+2 AC+2 EV+2
                  | SH+2}
 14392 | Lair:5   | Identified the +11 spear of Imbalance {vorpal, rElec Str+3
                  | Int-4 Dex+2}
 14657 | Orc:1    | Entered Level 1 of the Orcish Mines
 14692 | Orc:1    | Noticed Sonja
 14758 | Orc:1    | Killed Sonja
 14779 | Orc:1    | Found a dark tunnel.
 14843 | Volcano  | Entered a volcano
 15107 | Orc:1    | Found a bloodstained altar of Trog.
 15214 | Orc:1    | Noticed an orc warlord
 15226 | Orc:1    | Killed an orc warlord
 15227 | Orc:1    | Reached ****** piety under Wu Jian
 15502 | Orc:2    | Entered Level 2 of the Orcish Mines
 15556 | Orc:1    | Noticed Snorg
 15575 | Orc:1    | Killed Snorg
 15724 | Orc:2    | Noticed an orc warlord
 15871 | Orc:2    | Reached skill level 17 in Unarmed Combat
 16012 | Orc:1    | Killed an orc warlord
 16062 | Orc:2    | Paralysed by an orc sorcerer for 2 turns
 16116 | Orc:2    | Found Qoshuax's Antique Weapon Shop.
 16141 | Orc:2    | Found Kaneigiy's Antique Armour Shop.
 16191 | Orc:2    | Found a staircase to the Elven Halls.
 16400 | Orc:2    | Found Hebbuozoji's General Store.
 16415 | Orc:2    | Found Hiochose's Book Shop.
 16565 | Orc:2    | Noticed Urug
 16585 | Orc:2    | Killed Urug
 16951 | D:9      | Bought a scroll of enchant armour for 112 gold pieces
 16951 | D:9      | Bought a scroll of teleportation for 45 gold pieces
 16951 | D:9      | Bought a scroll of teleportation for 45 gold pieces
 16951 | D:9      | Bought a scroll of summoning for 142 gold pieces
 16951 | D:9      | Acquired the ring of Fotreimo {Contam rC+ MP-9 Int+5 Dex+2}
 17215 | D:12     | Noticed Psyche
 17219 | D:12     | Killed Psyche
 17848 | D:13     | Noticed Azrael
 17872 | D:13     | Killed Azrael
 18324 | D:13     | Found an ornate altar of the Wu Jian Council.
 18480 | D:14     | Reached XP level 15. HP: 153/153 MP: 14/14
 18718 | D:14     | Found a gate to the Vaults.
 19238 | D:15     | Entered Level 15 of the Dungeon
 19256 | D:15     | Noticed a fire giant
 19258 | D:15     | Noticed Agnes
 19264 | D:15     | Found a staircase to the Depths.
 19279 | D:14     | HP: 2/155 [Agnes/+4 lajatang of speed (22)]
 19280 | D:14     | Annihilated by Agnes

Illustrated notes

Levels and vault maps discovered:
D:1:      dpeg_arrival_tiny_a, layout_loops_cross,
          nicolae_concentric_dashed_squares_mild, minmay_misc_feat_ornament
D:2:      layout_rooms, basic_altar, basic_ecumenical_altar,
          minmay_misc_feat_chi
D:3:      layout_loops_corners, xom_confusion_cloud, grunt_gozag_breadcrumbs,
          uniq_sigmund
D:4:      layout_basic, nicolae_overflow_hidden_temple
D:5:      layout_loops_ring
D:6:      layout_loops_corners, nicolae_uskayaw_en_pointe,
          minmay_temple_entry_nine_rooms, serial_shops, shop,
          nicolae_lakefront_shop, nicolae_shop_behind_doors,
          nicolae_shop_hallway_plus, hangedman_abyss_or_decor_passed,
          serial_bayou_pond_b, uniq_pikel
D:7:      layout_basic, nemelex_xobeh_ov_fountains_minmay
D:8:      layout_cave_pools, nicolae_sif_muna_condensation, lemuel_tele_altar
D:9:      layout_irregular_city, amcnicky_altar_gilded,
          kennysheep_vampire_church, serial_shops, shop_statue, shop,
          kennysheep_mini
D:10:     cheibrodos_helix_gallery, layout_cave_pools
D:11:     layout_stronghold, david_lair_generic, david_orc_2
D:12:     layout_rooms, kennysheep_donut, uniq_psyche
D:13:     dragon1_lemuel, layout_long_grid, nzn_wu_jian_council_hall,
          uniq_azrael
D:14:     layout_loops_cross, grunt_vaults_entry_fortified,
          serial_bayou_lagoon_a, serial_aquarium, aquarium_bridge_square
          [aquarium_subvault_bridge, aquarium_subvault_window,
          aquarium_subvault_wall, aquarium_subvault_bridge],
          aquarium_window_corridor_1, aquarium_window_2, aquarium_window_fake,
          aquarium_window_1, aquarium_view_2d, aquarium_balcony_3b
D:15:     grunt_enter_depths_giant_problem, layout_long_grid, uniq_agnes,
          uniq_nessos
Temple:   hellmonk_temple_forest_ring
Lair:1:   layout_regular_city, lemuel_fruit_fields, grunt_megastairs_4,
          lemuel_fruit_fields, infiniplex_staircase_pool_2, uniq_gastronok
Lair:2:   layout_roguey, spider_nest_entry_webs, worms_lemuel
Lair:3:   minmay_lair_oklob_chamber, layout_regular_city, swamp_mist_pool,
          grunt_megastairs_2
Lair:4:   layout_cave_pods, nicolae_lair_yak_garden
Lair:5:   gammafunk_lair_ancient_temple, layout_misc_corridors, slime_entry_1,
          minivault_19, eino_small_chamber_without_monster, minivault_27,
          lemuel_fruit_tree
Orc:1:    layout_caves, nicolae_volcano_entry_hallway, trog_butcher_becter,
          uniq_sonja, uniq_snorg
Orc:2:    grunt_orc_cross, layout_diamond_mine, sword_in_stone

Skill      XL: |  1  2  3  4  5  6  7  8  9 10 11 12 13 14 15 |
---------------+----------------------------------------------+-----
Shields        | 3 4 5 6 7 8 9 10 11 12 | 12.1
Unarmed Combat | 4 5 6 8 10 11 13 14 16 17 | 17.8
Fighting       | 3 4 5 6 7 8 9 10 11 | 11.1
Dodging        | 4 5 7 8 9 |  9.5

Action                   |  1- 3 |  4- 6 |  7- 9 | 10-12 | 13-15 || total
-------------------------+-------+-------+-------+-------+-------++-------
Melee: Unarmed           |   109 |    88 |   259 |   592 |   935 ||  1983
Throw: Boomerang         |       |       |     3 |       |       ||     3
       Dart              |       |       |     5 |    20 |       ||    25
Invok: Lunge             |       |       |    10 |    31 |    73 ||   114
       Whirlwind         |       |       |       |    74 |   157 ||   231
Evoke: Wand              |       |       |       |     4 |     9 ||    13
       Phantom mirror    |       |       |       |       |     1 ||     1
  Use: Scroll            |     1 |     4 |    13 |    11 |    11 ||    40
       Potion            |       |       |       |     4 |     7 ||    11
 Stab: Sleeping          |     1 |     3 |     1 |       |       ||     5
       Distracted        |       |       |       |       |     1 ||     1
Armor: Robe              |    29 |    15 |    37 |   109 |   103 ||   293
       Skin              |       |       |       |    16 |    32 ||    48
       Troll leather arm |       |       |       |       |    54 ||    54
Dodge: Dodged            |    47 |    28 |    77 |   138 |   223 ||   513
Block: Kite shield       |    30 |    28 |   125 |   309 |   508 ||  1000
